 Dungeon Crawl Stone Soup version 0.21.1-1-g345015fe64 (webtiles) character file.

176 RepoMan the Insei (level 5, -1/42 HPs)
             Began as a Draconian Transmuter on July 6, 2018.
             Slain by a worker ant (5 damage)
             ... on level 3 of the Dungeon.
             The game lasted 00:08:53 (3015 turns).

RepoMan the Insei (Draconian Transmuter)            Turns: 3015, Time: 00:08:55

Health: -1/42      AC:  5    Str: 15    XL:     5   Next: 30%
Magic:  9/9        EV: 12    Int: 19    God:
Gold:   113        SH:  0    Dex: 12    Spells: 3/9 levels left

rFire    . . .     SeeInvis .     - Unarmed
rCold    . . .     Gourm    .   (no shield)
rNeg     . . .     Faith    .   (armour unavailable)
rPois    .         Spirit   .   (helmet restricted)
rElec    .         Reflect  .   (no cloak)
rCorr    .         Harm     .   (no gloves)
MR       .....                  (no boots)
Stlth    +.........             (no amulet)
HPRegen  0.14/turn              q - +3 ring of strength
MPRegen  0.11/turn              (no ring)

@: brilliant, lethally poisoned (-1 -> -22), appendage (expiring)
A: unfitting armour, horns 2, cold-blooded, AC +5
a: End Transformation


You were on level 3 of the Dungeon.
You were not hungry.
You had grown temporary horns.
You visited 1 branch of the dungeon, and saw 4 of its levels.

You collected 113 gold pieces.

Inventory:

Missiles
 a - 12 arrows
Jewellery
 q - a +3 ring of strength (left hand)
Scrolls
 f - 2 scrolls of enchant armour {unknown}
 g - 2 scrolls of amnesia {unknown}
 h - 3 scrolls of teleportation {unknown}
 j - 3 scrolls of remove curse {unknown}
 l - a scroll of fog {unknown}
 p - 4 scrolls of identify {unknown}
 s - a scroll of immolation {unknown}
 t - 2 scrolls of blinking {unknown}
Potions
 d - a potion of ambrosia {unknown}
 e - a potion of brilliance
 i - a potion of heal wounds {unknown}
 m - a potion of berserk rage {unknown}
 n - a potion of might {unknown}
 o - a potion of resistance {unknown}
 r - a potion of degeneration {unknown}
 u - a potion of flight {unknown}
 v - a potion of lignification {unknown}
Books
 b - a book of Changes

   Spells                             Type                      Level
   a - Beastly Appendage              Transmutation                1
   b - Sticks to Snakes               Transmutation                2
   c - Spider Form                    Transmutation/Poison         3
   d - Ice Form                       Ice/Transmutation            4
   e - Blade Hands                    Transmutation                5
 k - a book of Misfortune

   Spells                             Type                      Level
   a - Confusing Touch                Hexes                        1
   b - Confuse                        Hexes                        3
   c - Gell's Gravitas                Translocation                3
   d - Petrify                        Transmutation/Earth          4
   e - Metabolic Englaciation         Hexes/Ice                    5
   f - Yara's Violent Unravelling     Hexes/Transmutation          5
Comestibles
 c - 5 rations


   Skills:
 + Level 2.4 Fighting
 - Level 1.7 Dodging
 * Level 4.2 Unarmed Combat
 + Level 2.7 Spellcasting
 * Level 3.6 Transmutations


You had 3 spell levels left.
You knew the following spells:

 Your Spells              Type           Power        Failure   Level  Hunger
a - Beastly Appendage     Tmut           ####..       1%          1    None
b - Sticks to Snakes      Tmut           ####....     1%          2    ##.....
c - Spider Form           Tmut/Pois      ###.......   2%          3    ###....


Dungeon Overview and Level Annotations

Branches:
Dungeon (4/15)
 Temple: D:4-7

Altars:
Nemelex Xobeh
Zin

Annotations:
D:3 2 transporters


Innate Abilities, Weirdness & Mutations

Your plain brown scales are hard. (AC +5)
You cannot fit into any form of body armour.
You are cold-blooded and may be slowed by cold attacks.
You have a pair of horns on your head.


Message History

You feel sick. The worker ant bites you.
You barely miss the worker ant.
The worker ant is severely wounded.
You feel sick. The worker ant closely misses you.
You hit the worker ant but do no damage.
Your tail-slap misses the worker ant.
The worker ant is severely wounded.
You feel sick. The worker ant bites you.
* * * LOW HITPOINT WARNING * * *
You are more poisoned.
The worker ant poisons you!
* * * LOW HITPOINT WARNING * * *
You feel very sick.
It was a potion of brilliance.
You feel clever all of a sudden.
Your transformation is almost over.
* * * LOW HITPOINT WARNING * * *
You feel sick. The worker ant bites you.
* * * LOW HITPOINT WARNING * * *
The worker ant bites you.
You die...

#.#### ##.#.# #.#
#.#.# #.# #.#.#
#.# #...# #.#
#..## #.# #..#
##.##########..#
###..............#
.....###########@#
..#.## #a# ..#.#
########K####
..#.#
#....>......#
.##.#
#.......###.#
.##.#####.......#
#.#
..)........>....#
#.#
).<.#####.......#
#.# ).###
#.......# #.#


You could see a worker ant and a kobold.

Vanquished Creatures
  A hound (D:4)
  2 orc priests (D:3)
  2 adders (D:3)
  An ooze (D:2)
  A worm (D:2)
  2 dart slugs
  A leopard gecko (D:1)
  3 orcs (D:3)
  3 giant cockroaches
  7 goblins
  7 hobgoblins
  3 jackals (D:1)
  7 kobolds
  A quokka (D:3)
  6 bats
  3 frilled lizards
  4 rats
54 creatures vanquished.

Notes
Turn   | Place    | Note
-------+----------+-------------------------------------------
     0 | D:1      | RepoMan the Draconian Transmuter began the quest for the Orb.
     0 | D:1      | Reached XP level 1. HP: 16/16 MP: 3/3
    74 | D:1      | Reached XP level 2. HP: 15/23 MP: 5/5
   317 | D:1      | Learned a level 2 spell: Sticks to Snakes
   869 | D:1      | Reached XP level 3. HP: 28/28 MP: 4/6
   928 | D:1      | Learned a level 3 spell: Spider Form
  1622 | D:2      | Found a glowing silver altar of Zin.
  1706 | D:2      | Found a sparkling altar of Nemelex Xobeh.
  2096 | D:3      | Reached XP level 4. HP: 36/36 MP: 5/7
  2429 | D:3      | Reached skill level 4 in Unarmed Combat
  2693 | D:3      | Found a transporter.
  2731 | D:3      | Reached XP level 5. HP: 41/41 MP: 6/8
  2873 | D:3      | Found a transporter.
  3015 | D:3      | Slain by a worker ant

Skill      XL: |  1  2  3  4 |
---------------+-------------+-----
Transmutations | 3 |  3.6
Fighting       | 2 |  2.4
Unarmed Combat | 4 |  4.2
Dodging        | |  1.7
Spellcasting   | |  2.7

Action                   |  1- 3 |  4- 6 || total
-------------------------+-------+-------++-------
Melee: Unarmed           |   168 |    46 ||   214
       Kick              |     9 |     6 ||    15
       Tailslap          |    10 |     4 ||    14
       Headbutt          |     9 |     1 ||    10
       Punch             |     1 |       ||     1
 Cast: Beastly Appendage |    28 |     7 ||    35
       Spider Form       |     1 |     1 ||     2
  Use: Potion            |       |     1 ||     1
  Eat: Chunk             |     5 |     3 ||     8
Armor: Skin              |    36 |     8 ||    44
Dodge: Dodged            |   102 |    29 ||   131
